 Dungeon Crawl Stone Soup version 0.31-a0-640-g39d97e502b (webtiles) character file.

Game seed: 15194257617983378208

12068 bjtr the Earth Mage (level 11, -19/61 HPs)
             Began as a Gargoyle Earth Elementalist on Aug 29, 2023.
             Was an Initiate of Vehumet.
             Killed from afar by a balrug (37 damage)
             ... with a fireball
             ... in a Gauntlet.
             The game lasted 01:11:39 (11549 turns).

bjtr the Earth Mage (Gargoyle Earth Elementalist)  Turns: 11549, Time: 01:11:40

Health: -19/61     AC: 31    Str: 12    XL:     11   Next: 87%
Magic:  0/20       EV: 12    Int: 20    God:    Vehumet [......]
Gold:   300        SH:  0    Dex: 10    Spells: 6/22 levels left

rFire   . . .        a - +5 war axe "Taireupn" {flame, rPois}
rCold   . . .        (no shield)
rNeg    + . .        W - +0 acid dragon scales
rPois   ∞            N - +4 hat of Gorata {rElec}
rElec   +            (no cloak)
rCorr   +            Z - +0 pair of gloves
SInv    .            j - +2 pair of boots
Will    .....        K - amulet of guardian spirit
Stlth   ++           U - +4 ring of protection
HPRegen 0.30/turn    V - +4 ring of protection
MPRegen 0.17/turn

%: no teleportation, guardian spirit
@: on blink cooldown, invisible
A: sickness immunity, AC +8, negative energy resistance 1, electricity
resistance, torment resistance 1, petrification resistance
a: Renounce Religion


You were in a Gauntlet.
You worshipped Vehumet.
Vehumet was noncommittal.
You visited 2 branches of the dungeon, and saw 12 of its levels.
You also visited: Ossuary and Gauntlet.

You collected 780 gold pieces.
You spent 480 gold pieces at shops.

Inventory:

Hand Weapons
 a - the +5 war axe "Taireupn" (weapon) {flame, rPois}
   (You took it off a goblin on level 2 of the Dungeon)

   rPois:     It protects you from poison
 d - a +2 flail of holy wrath
 o - a +2 trident of draining
 P - a +2 antimagic rapier
Missiles
 q - 2 throwing nets
 r - 21 poisoned darts
 u - 2 atropa-tipped darts
 Q - 2 curare-tipped darts (quivered)
Armour
 j - a +2 pair of boots (worn)
 N - the +4 hat of Gorata (worn) {rElec}
   (You found it on level 7 of the Dungeon)

   rElec:     It insulates you from electricity.
 W - +0 acid dragon scales (worn)
 Z - a +0 pair of gloves (worn)
Magical Staves
 b - the staff of Urgency {*Corrode rElec Int+8 Earth}
   (You acquired it on level 7 of the Dungeon)

   [staff of earth]

   Base accuracy: +5 Base damage: 5 Base attack delay: 1.2 This weapon's minimum
   attack delay (0.6) is reached at skill level 12.
   Int+8:     It affects your intelligence (+8).
   rElec:     It insulates you from electricity.
   *Corrode:  It may corrode you when you take damage.
   Earth:     It increases the power of your Earth spells.
   It falls into the 'Staves' category.
   It is a one-handed weapon.
Jewellery
 m - a +6 ring of strength
 K - an amulet of guardian spirit (around neck)
 U - a +4 ring of protection (left hand)
 V - a +4 ring of protection (right hand)
Wands
 c - a wand of paralysis (12)
 p - a wand of mindburst (1)
 L - a wand of polymorph (3)
 M - a wand of digging (6)
 S - a wand of flame (49)
Scrolls
 f - 2 scrolls of fog
 g - 3 scrolls of teleportation
 h - a scroll of enchant weapon
 v - 3 scrolls of poison
 B - a scroll of immolation
 D - a scroll of vulnerability
Potions
 k - 3 potions of mutation
 l - 3 potions of curing
 x - 3 potions of cancellation
 A - a potion of ambrosia
 E - 2 potions of might
 G - 2 potions of enlightenment


   Skills:
 + Level 4.2 Fighting
 + Level 4.7 Armour
 + Level 4.8 Dodging
 + Level 3.1 Stealth
 + Level 6.4 Spellcasting
 * Level 6.8 Conjurations
 - Level 0.7 Transmutations
 + Level 16.3 Earth Magic
 + Level 1.6 Evocations


You had 6 spell levels left.
You knew the following spells:

 Your Spells              Type           Power      Damage    Failure   Level
a - Sandblast             Erth           100%       2d20      1%          1
b - Passwall              Tmut/Erth      33%        N/A       1%          2
c - Stone Arrow           Conj/Erth      100%       3d13      1%          3
d - Petrify               Tmut/Erth      40%        N/A       4%          4
e - Iskenderun's Mystic   Conj/Tloc      20%        2d6       34%         4
f - Blink                 Tloc           12%        N/A       22%         2

Your spell library contained the following spells:

 Spells                   Type           Power      Damage    Failure   Level
 Foxfire                  Conj/Fire      80%        2x1d8     3%          1
 Leda's Unmaking          Conj/Erth      26%        9d5       19%         6
 Ensorcelled Hibernation  Hex/Ice        12%        N/A       22%         2
 Iskenderun's Battlesphe  Conj           33%        2d9       24%         5
 Fulminant Prism          Conj/Hex       10%        3d8       34%         4
 Ozocubu's Armour         Ice            6%         N/A       41%         3
 Volatile Blastmotes      Fire/Tloc      12%        2d11      41%         3
 Anguish                  Hex/Necr       3%         N/A       82%         4
 Manifold Assault         Tloc           6%         N/A       82%         4
 Ozocubu's Refrigeration  Ice            3%         4d8       100%        7
 Spellforged Servitor     Conj/Summ      10%        N/A       100%        7


Dungeon Overview and Level Annotations

Branches:
Dungeon (11/15)            Temple (1/1) D:7            Lair (0/5) D:9
Ossuary (visited)         Gauntlet (1/1)
    Orc: D:9-12

Altars:
Ashenzari
Cheibriados
Dithmenos
Elyvilon
Fedhas
Gozag
Hepliaklqana
Kikubaaqudgha
Makhleb
Nemelex Xobeh
Okawaru
Qazlal
Ru
Sif Muna
Trog
Uskayaw
Vehumet
Wu Jian
Xom
Yredelemnul
Zin
The Shining One
Jiyva

Shops:
D:8 =!   D:11 *

Annotations:
Gauntlet 7 transporters


Innate Abilities, Weirdness & Mutations

You are immune to sickness and miasma.
Your stone body is resilient. (AC +8)
You are immune to poison.
You resist negative energy. (rN+)
You are resistant to electric shocks. (rElec)
You are resistant to unholy torment.
You are immune to petrification.


Message History

The balrug is frozen!
The balrug is moderately wounded.
The balrug gestures at you. Something smites you!
Aiming: Iceblast
Press: ? - help, Shift-Dir - straight line, f/p - balrug
Aim: a balrug, wielding a +0 demon whip of electrocution (moderately wounded)
The mass of ice explodes!
The iceblast engulfs the balrug!
The balrug is frozen!
The balrug is heavily wounded.
The now-empty wand crumbles to dust.
The balrug gestures at you. The sticky flame hits you.
You are covered in liquid flames!
Aiming: Mindburst
Press: ? - help, Shift-Dir - straight line, f/p - balrug
Aim: a balrug, wielding a +0 demon whip of electrocution (heavily wounded, chance to affect: 0%)
Okay, then.
As you read the scroll of fear, it crumbles to dust.
You assume a fearsome visage.
The balrug resists with almost no effort.
You are covered in liquid flames!
The balrug gestures at you. The sticky flame hits you!
You are covered in liquid flames!
As you read the scroll of fog, it dissolves into smoke.
You are covered in liquid flames!
Casting: Sandblast (safe; 1% risk of failure)
Confirm with . or Enter, or press ? or * to list all spells.
You blink.
You are covered in liquid flames!
The balrug gestures at you. The bolt of fire hits you.
You are covered in liquid flames!
* * * LOW HITPOINT WARNING * * *
You are no longer on fire.
The balrug gestures at you.
The fireball explodes!
The fireball engulfs you!!!
Ouch! That really hurt!
You die...

######...###########..###
©.#....≈....#.©.#.....#
..#...≈8≈...#...#.8...###
©.#....≈....#.©.#.....#8#
######...###########..###
....##...###.§#.##.#..#
...#.#...###§§#§##.#..###
..#h.#...##.#§2§§§.#..#8#
©#...#...#©##§##@###..###
#...h#...#§##§#§§###..#
.#...#...#§§§§§§...#..###
..#..#...##§#####.##..#8#
...#.#...#####.##.##..###
©[).##...#..h[©)...#..#
######...###########..###
......................#8#
......≈§§............≈###


You could see a balrug.

Vanquished Creatures
  A boulder beetle (D:11)
  3 two-headed ogres
  A fire crab (Gauntlet)
  Amaemon (D:8)
  A cyclops (D:11)
  Joseph (D:7)
  Jeremiah (D:7)
  An orange demon (D:8)
  2 trolls (D:9)
  3 hornets
  A shadow (D:11)
  A wraith (D:9)
  2 wyverns
  3 yaks (D:9)
  A vampire (D:11)
  A basilisk (D:11)
  2 fire bats (Gauntlet)
  3 acid dragons
  Duvessa (D:7)
  A black bear (D:8)
  2 ice beasts
  2 orc warriors
  3 ogres
  A sky beast (D:7)
  A boggart (Gauntlet)
  2 centaurs
  2 kobold brigands (D:8)
  An elf zombie (D:4)
  4 bullfrogs
  6 gnoll sergeants
  A scorpion (D:6)
  Dowan (D:7)
  13 killer bees
  6 electric eels (D:10)
  A howler monkey (D:6)
  A hound (D:5)
  5 orc priests
  4 gnoll boudas
  A jelly (D:5)
  2 human skeletons (D:4)
  2 human zombies (D:4)
  2 iguanas (D:6)
  A sleepcap (D:5)
  10 orc wizards
  8 mummies (Ossuary)
  41 gnolls
  7 adders
  2 white imps
  An ufetubus (D:5)
  2 worms (D:2)
  3 dart slugs
  29 orcs
  9 ball pythons
  4 bats
  12 endoplasms
  2 giant cockroaches (D:1)
  14 goblins
  8 hobgoblins
  4 jackals (D:8)
  A quokka (D:1)
  4 frilled lizards
  A gnoll zombie (Ossuary)
  3 hobgoblin zombies (Ossuary)
  12 kobolds
  3 kobold zombies (Ossuary)
  An orc skeleton (D:4)
  An orc zombie (Ossuary)
  8 rats
285 creatures vanquished.

Notes
Turn   | Place    | Note
-------+----------+-------------------------------------------
     0 | D:1      | bjtr the Gargoyle Earth Elementalist began the quest for
                  | the Orb.
     0 | D:1      | Reached XP level 1. HP: 10/10 MP: 3/3
    60 | D:1      | Reached skill level 4 in Earth Magic
    96 | D:1      | Reached XP level 2. HP: 10/15 MP: 1/5
   413 | D:1      | Reached skill level 5 in Earth Magic
   413 | D:1      | Reached XP level 3. HP: 18/19 MP: 4/6
   893 | D:2      | Found a shimmering blue altar of Sif Muna.
  1148 | D:2      | Reached XP level 4. HP: 24/24 MP: 2/7
  1151 | D:2      | Learned a level 2 spell: Passwall
  1155 | D:2      | Learned a level 3 spell: Stone Arrow
  1231 | D:2      | Identified the +5 war axe "Taireupn" {flame, rPois}
  1303 | D:2      | Reached skill level 6 in Earth Magic
  1879 | D:3      | Identified the +7 dagger "Vecux" {heavy, *Noise Str+3 SInv}
  1943 | D:3      | Reached XP level 5. HP: 28/28 MP: 6/8
  2050 | D:3      | Reached skill level 7 in Earth Magic
  2348 | D:3      | Found a broken altar of Ashenzari.
  2349 | D:3      | Found a shadowy altar of Dithmenos.
  2394 | D:3      | Found a basalt altar of Yredelemnul.
  2394 | D:3      | Found a burning altar of Makhleb.
  2396 | D:3      | Found a blossoming altar of Fedhas.
  2679 | D:4      | Reached skill level 8 in Earth Magic
  2679 | D:4      | Reached XP level 6. HP: 11/32 MP: 3/9
  2684 | D:4      | Found a sand-covered staircase.
  2811 | Ossuary  | Entered an ossuary
  2979 | Ossuary  | Reached skill level 9 in Earth Magic
  3010 | Ossuary  | Reached XP level 7. HP: 36/36 MP: 5/10
  3592 | D:5      | Entered Level 5 of the Dungeon
  3661 | D:5      | Reached skill level 10 in Earth Magic
  3944 | D:5      | Identified the +0 leather armour of the Vaults {Harm rN++
                  | Str-2 Int-3}
  4507 | D:5      | Reached skill level 11 in Earth Magic
  4654 | D:6      | Reached XP level 8. HP: 41/41 MP: 9/11
  5243 | D:6      | Reached skill level 12 in Earth Magic
  5711 | D:7      | Noticed Duvessa
  5711 | D:7      | Noticed Dowan
  5712 | D:7      | Reached skill level 13 in Earth Magic
  5741 | D:7      | Killed Duvessa
  5742 | D:7      | Reached XP level 9. HP: 29/45 MP: 1/12
  5743 | D:7      | Killed Dowan
  5882 | D:7      | Noticed Joseph
  5919 | D:7      | Killed Joseph
  5920 | D:7      | Reached skill level 14 in Earth Magic
  5977 | D:7      | Learned a level 4 spell: Petrify
  6192 | D:7      | Found a sparkling altar of Nemelex Xobeh.
  6198 | D:7      | Found a shimmering altar of Xom.
  6201 | D:7      | Found an iron altar of Okawaru.
  6221 | D:7      | Found a staircase to the Ecumenical Temple.
  6227 | Temple   | Entered the Ecumenical Temple
  6316 | D:7      | Identified the +4 hat of Gorata {rElec}
  6337 | D:7      | Noticed Jeremiah
  6574 | D:7      | Identified a scroll of acquirement
  6574 | D:7      | Acquired the staff of Urgency {*Corrode rElec Int+8 Earth}
  6978 | D:7      | Killed Jeremiah
  6979 | D:7      | Reached skill level 1 in Armour
  6979 | D:7      | Reached skill level 1 in Conjurations
  7253 | D:7      | Reached skill level 1 in Evocations
  7279 | D:8      | Found Jyicusic's Distillery.
  7294 | D:8      | Bought a potion of lignification for 48 gold pieces
  7335 | D:8      | Noticed an orange demon
  7362 | D:8      | Killed an orange demon
  7363 | D:8      | Reached skill level 1 in Fighting
  7363 | D:8      | Reached skill level 15 in Earth Magic
  7417 | D:8      | Noticed Amaemon
  7437 | D:8      | Killed Amaemon
  7438 | D:8      | Reached XP level 10. HP: 35/52 MP: 1/15
  7716 | D:8      | Paralysed by a gnoll sergeant for 5 turns
  8415 | D:8      | Found Fefyij's Jewellery Shoppe.
  8424 | D:8      | Bought a +4 ring of protection for 432 gold pieces
  8644 | D:8      | Found a white marble altar of Elyvilon.
  8644 | D:8      | Found an ornate altar of the Wu Jian Council.
  8834 | D:9      | Noticed a two-headed ogre
  8963 | D:8      | Killed a two-headed ogre
  8964 | D:8      | Reached skill level 5 in Spellcasting
  8964 | D:8      | Reached skill level 5 in Conjurations
  8964 | D:8      | Reached XP level 11. HP: 51/60 MP: 12/18
  9079 | D:9      | Learned a level 4 spell: Iskenderun's Mystic Blast
  9084 | D:9      | Found a staircase to the Lair.
  9176 | D:9      | Found a glowing silver altar of Zin.
  9576 | D:10     | Entered Level 10 of the Dungeon
  9808 | D:10     | Found an ancient bone altar of Kikubaaqudgha.
  9860 | D:10     | Found a radiant altar of Vehumet.
  9872 | D:10     | Became a worshipper of Vehumet
 10523 | D:11     | Noticed a cyclops
 10528 | D:11     | Noticed a two-headed ogre
 10529 | D:11     | Killed a cyclops
 10529 | D:11     | Noticed a two-headed ogre
 10564 | D:11     | Killed a two-headed ogre
 10565 | D:11     | Reached skill level 16 in Earth Magic
 10598 | D:11     | Killed a two-headed ogre
 10706 | D:11     | Noticed a boulder beetle
 10742 | D:11     | Killed a boulder beetle
 10745 | D:11     | Found Aseutucw's Assorted Antiques.
 10773 | D:11     | Found a gate leading to a gauntlet.
 10787 | Gauntlet | Entered a Gauntlet
 10787 | Gauntlet | Noticed a fire crab
 10787 | Gauntlet | Found a transporter.
 10787 | Gauntlet | Found a transporter.
 10787 | Gauntlet | Found a transporter.
 10823 | Gauntlet | Noticed a wizard
 10827 | Gauntlet | Found a transporter.
 10827 | Gauntlet | Found a transporter.
 10827 | Gauntlet | Found a transporter.
 10829 | Gauntlet | Noticed a worldbinder
 10837 | Gauntlet | Found a transporter.
 10841 | Gauntlet | Found a transporter.
 10847 | Gauntlet | Noticed a balrug
 10851 | Gauntlet | Found a transporter.
 10952 | Gauntlet | Found a transporter.
 10956 | Gauntlet | Found a transporter.
 10962 | Gauntlet | Noticed a fire crab
 10966 | Gauntlet | Found a transporter.
 11178 | Gauntlet | Killed a fire crab
 11181 | Gauntlet | Reached * piety under Vehumet
 11181 | Gauntlet | Offered knowledge of Foxfire by Vehumet.
 11523 | Gauntlet | Learned a level 2 spell: Blink
 11526 | Gauntlet | Noticed a wizard
 11549 | Gauntlet | Killed from afar by a balrug

Illustrated notes

Levels and vault maps discovered:
D:1:      minmay_arrival_stair_chambers, layout_rooms
D:2:      layout_loops_corners, basic_altar, minmay_circle_x
D:3:      layout_rooms, nicolae_overflow_hidden_temple, serial_rivers,
          chequers_serial_rivers_large_b, chequers_serial_rivers_micro_c,
          chequers_serial_rivers_micro_c, chequers_serial_rivers_micro_e
D:4:      layout_cave_pools, nicolae_ossuary_entry_catacombs,
          minmay_misc_feat_five
D:5:      layout_loops_corners
D:6:      layout_loops_ring, minmay_ogre_servants
D:7:      layout_loops_cross, minitemple, minmay_temple_entry_trees,
          uniq_duvessa, uniq_jeremiah, uniq_joseph
D:8:      layout_cave_pools, nicolae_overflow_two_pavilions, serial_gnoll_camp,
          gnoll_camp_mini_hut, gnoll_camp_mini_shop, gnoll_camp_huts_basic,
          gnoll_camp_mini_shop, minmay_holes, uniq_amaemon
D:9:      layout_rooms, zin_scriptorium, lair_entry_dummy
D:10:     layout_basic, kiku_gazebo_garden_becter, vehumet_crystals,
          chequers_serial_rivers_small_a, serial_bayou_lake_a
D:11:     layout_big_octagon, gauntlet_entry_generic, serial_shops,
          nicolae_shop_tiny_statue_garden
Temple:   pf_slimified_temple
Gauntlet: gammafunk_gauntlet_hard_choice [gammafunk_gauntlet_arena_chambers,
          nicolae_gauntlet_arena_t_cross, gammafunk_gauntlet_arena_corners,
          gammafunk_gauntlet_arena_hedges, nicolae_gauntlet_arena_x,
          gammafunk_gauntlet_arena_crates, gauntlet_exit_green]

Skill      XL: |  1  2  3  4  5  6  7  8  9 10 11 |
---------------+----------------------------------+-----
Earth Magic    | 4 5 6 8 9 11 13 15 16 | 16.3
Armour         | 2 3 4 |  4.7
Spellcasting   | 3 5 6 |  6.4
Conjurations   | 3 5 6 |  6.8
Evocations     | 1 |  1.6
Fighting       | 1 3 4 |  4.2
Dodging        | 2 3 4 |  4.8
Stealth        | 3 |  3.1
Transmutations | |  0.7

Action                     |  1- 3 |  4- 6 |  7- 9 | 10-12 || total
---------------------------+-------+-------+-------+-------++-------
  Melee: Mace              |     5 |       |       |       ||     5
         Dagger            |    19 |       |       |       ||    19
         War axe           |       |    57 |   122 |   260 ||   439
         Punch             |       |     1 |     2 |     3 ||     6
         Staff             |       |       |    10 |       ||    10
  Throw: Dart              |       |       |     5 |     6 ||    11
   Cast: Sandblast         |    35 |    70 |    98 |    92 ||   295
         Passwall          |       |     1 |       |       ||     1
         Stone Arrow       |       |       |     4 |     9 ||    13
         Blink             |       |       |       |     1 ||     1
  Evoke: Wand              |       |       |    17 |     9 ||    26
    Use: Scroll            |     3 |     4 |    13 |     8 ||    28
         Potion            |       |       |     1 |    10 ||    11
   Stab: Sleeping          |     1 |     2 |     2 |     2 ||     7
 Armour: Robe              |    24 |    25 |     5 |       ||    54
         Leather armour    |       |       |   133 |    99 ||   232
         Acid dragon scale |       |       |       |   262 ||   262
  Dodge: Dodged            |    51 |    52 |   141 |   383 ||   627

Table legend: (Time is in decaauts)
 A = Elapsed time spent in this place.
 B = Non-inter-level travel time spent in this place.
 C = Inter-level travel time spent in this place.
 D = Time resting spent in this place.
 E = Time spent auto-exploring this place.
 F = Levels seen in this place.
 G = Mean time per level.
                   A        B        C        D        E       F      G
               +--------+--------+--------+--------+--------+-----+--------+
         Total |  11973 |  11627 |    346 |   2199 |   6014 |  14 |  855.2 |
       Dungeon |  10770 |  10424 |    346 |   1737 |   5822 |  11 |  979.1 |
        Temple |     65 |     65 |      0 |      0 |      0 |   1 |   65.0 |
       Ossuary |    376 |    376 |      0 |    122 |     52 |   1 |  376.0 |
      Gauntlet |    760 |    760 |      0 |    340 |    140 |   1 |  760.0 |
               +--------+--------+--------+--------+--------+-----+--------+

Top non-repeatable levels by time:
     D:8: 1662 daAuts
     D:7: 1408 daAuts
     D:2: 1223 daAuts
     D:5: 1138 daAuts
     D:6: 1125 daAuts
    D:10: 992 daAuts
     D:4: 873 daAuts
Gauntlet: 760 daAuts
     D:9: 759 daAuts
     D:1: 685 daAuts
     D:3: 589 daAuts
 Ossuary: 376 daAuts
    D:11: 313 daAuts
  Temple: 65 daAuts
